 Dungeon Crawl Stone Soup version 0.29-a0-925-g0a7a3d12f8 (webtiles) character file.

Game seed: 4542557291315170758

113 Asher535 the Conjurer (level 4, -4/36 HPs)
             Began as a Draconian Conjurer on July 29, 2022.
             Was a Believer of Lugonu.
             Killed by divine providence
             ... invoked by an orc priest
              (15 damage)
             ... on level 3 of the Dungeon.
             The game lasted 00:16:06 (3507 turns).

Asher535 the Conjurer (Draconian Conjurer)          Turns: 3507, Time: 00:16:07

Health: -4/36      AC:  5    Str:  9    XL:     4   Next: 65%
Magic:  3/8        EV: 12    Int: 20    God:    Lugonu [**....]
Gold:   142        SH:  0    Dex: 10    Spells: 4/8 levels left

rFire   . . .      SeeInvis .   b - +0 sling
rCold   . . .      Faith    .   (no shield)
rNeg    . . .      Spirit   .   (body armour unavailable)
rPois   .          Reflect  .   (helmet restricted)
rElec   .          Harm     .   (no cloak)
rCorr   .          Rampage  .   (no gloves)
Will    .....                   (no boots)
Stlth   ++........              (no amulet)
HPRegen 0.12/turn               (no ring)
MPRegen 0.11/turn               (no ring)

@: no status effects
A: AC +5, unfitting armour, cold-blooded
a: Renounce Religion, Depart the Abyss, Bend Space


You were on level 3 of the Dungeon.
You worshipped Lugonu.
Lugonu was pleased with you.
You visited 1 branch of the dungeon, and saw 3 of its levels.

You collected 142 gold pieces.

Inventory:

Hand Weapons
 b - a +0 sling (weapon)
 f - a +0 whip
 h - a +0 whip
 i - a +0 dagger
Missiles
 u - a throwing net
Armour
 g - a +0 chain mail
Wands
 t - a wand of roots (13)
Scrolls
 k - a scroll of immolation
 l - 2 scrolls of amnesia
 m - 2 scrolls of blinking {unknown}
 p - 2 scrolls of fear {unknown}
 q - a scroll of teleportation {unknown}
 r - a scroll of butterflies {unknown}
Potions
 a - a potion of magic
 c - a potion of attraction {unknown}
 d - a potion of haste {unknown}
 j - 2 potions of flight
 o - a potion of degeneration {unknown}
 s - 2 potions of cancellation
 v - a potion of lignification {unknown}


   Skills:
 + Level 1.8 Fighting
 + Level 2.5 Dodging
 - Level 1.9 Stealth
 + Level 2.6 Spellcasting
 + Level 4.4 Conjurations
 * Level 1.4 Hexes


You had 4 spell levels left.
You knew the following spells:

 Your Spells              Type           Power      Damage    Failure   Level
a - Magic Dart            Conj           80%        1d7       2%          1
b - Searing Ray           Conj           40%        2d5       3%          2
c - Slow                  Hex            32%        N/A       9%          1

Your spell library contained the following spells:

 Spells                   Type           Power      Damage    Failure   Level
 Dazzling Flash           Conj/Hex       28%        N/A       13%         3
 Call Imp                 Summ           2%         N/A       22%         2
 Poisonous Vapours        Pois/Air       4%         N/A       22%         2
 Spider Form              Tmut/Pois      2%         N/A       41%         3
 Fulminant Prism          Conj/Hex       7%         3d7       41%         4
 Iskenderun's Mystic Bla  Conj/Tloc      11%        2d4       52%         4


Dungeon Overview and Level Annotations

Branches:
Dungeon (3/15)

Altars:
Uskayaw
The Shining One
Lugonu

Shops:
D:1 :   D:2 ![=?


Innate Abilities, Weirdness & Mutations

Your plain brown scales are hard. (AC +5)
You cannot fit into any form of body armour.
You are cold-blooded and may be slowed by cold attacks.


Message History

Confirm with . or Enter, or press ? or * to list all spells.
Aiming: Magic Dart (safe; 2% risk of failure)
Press: ? - help, Shift-Dir - straight line, f/p - orc wizard
Aim: an orc wizard, wielding a +0 dagger and wearing a +0 robe (100% to hit)
The magic dart hits the orc wizard.
The orc wizard is lightly wounded.
The orc priest invokes the aid of Beogh against you.
Beogh smites you! Space bends violently around you!
You blink.
The orc priest casts a cantrip, but nothing happens.
The orc wizard gestures wildly while chanting.
The orc wizard flickers and vanishes!
Deactivating autopickup; reactivate with Ctrl-A.
Something hits you. Something hits you but does no damage.
The orc attacks as you move away! The orc hits you but does no damage.
The orc priest invokes the aid of Beogh against you.
Something writhes in agony.
You hear some strange, mumbled words.
You are confused.
You're too confused to move!
You hear some strange, mumbled words.
A puff of flame appears from out of thin air!
The puff of flame hits you!
* * * LOW HITPOINT WARNING * * *
The orc hits you but does no damage.
Okay, then.
Okay, then.
You feel better. The orc hits you with a +0 short sword.
* * * LOW HITPOINT WARNING * * *
An orc comes into view. It is wielding a +0 mace.
The orc attacks as you move away! The orc hits you but does no damage.
Something hits you.
* * * LOW HITPOINT WARNING * * *
Something hits you.
* * * LOW HITPOINT WARNING * * *
You feel better.
The orc priest calls down the wrath of Beogh upon you.
Beogh smites you!
You die...

##...o...# ##.o#####.# #..##
#.# #####.### #o.#
###.....o.# ..)).
..........# ........
........o.# #......#..#..
#..#######..###......#.....
#..#######@..........#....#
#..##..)....######.#...#.#
##..##.......##...#.†#....##
#...##.......##.............
#...##.......##....≈≈≈≈≈≈≈≈≈
#...##...._..##....≈.......§
#..................≈.≈.≈≈≈.≈
#.............####.≈.≈...≈.§
#...########### #.≈.≈._.≈.≈


You could see an orc priest and an orc.

Vanquished Creatures
  4 gnolls (D:3)
  2 adders (D:2)
  2 worms
  A dart slug (D:1)
  An orc (D:3)
  2 bats (D:2)
  4 endoplasms
  A giant cockroach (D:2)
  5 goblins
  2 hobgoblins
  7 jackals (D:1)
  5 kobolds
  3 ball pythons
  A frilled lizard (D:1)
  6 rats
46 creatures vanquished.

Vanquished Creatures (others)
  7 fungi (D:3)
7 creatures vanquished.

Grand Total: 53 creatures vanquished

Notes
Turn   | Place    | Note
-------+----------+-------------------------------------------
     0 | D:1      | Asher535 the Draconian Conjurer began the quest for the
                  | Orb.
     0 | D:1      | Reached XP level 1. HP: 14/14 MP: 3/3
   477 | D:1      | Reached XP level 2. HP: 10/22 MP: 0/5
   689 | D:1      | Found a faded altar of an unknown god.
   701 | D:1      | Got Plato's Reference Book on Malediction
   702 | D:1      | Prayed at the altar of an unknown god.
   702 | D:1      | Became a worshipper of Lugonu the Unformed
   702 | D:1      | Reached * piety under Lugonu
   702 | D:1      | Reached ** piety under Lugonu
  1128 | D:1      | Reached skill level 1 in Fighting
  1179 | D:1      | Found Kusch's Book Shop.
  1195 | D:1      | Got the Atlas of Putrid Accompaniment
  1337 | D:2      | Reached XP level 3. HP: 28/28 MP: 2/6
  1340 | D:2      | Learned a level 2 spell: Searing Ray
  1376 | D:2      | Learned a level 1 spell: Slow
  1960 | D:2      | Found Useudgho's Magic Scroll Emporium.
  1990 | D:2      | Found Feydu's Jewellery Shoppe.
  2373 | D:2      | Found Iddamn's Distillery.
  2569 | D:2      | Found Qeimarala's Antique Armour Shop.
  2950 | D:3      | Found a glowing golden altar of the Shining One.
  2963 | D:3      | Reached skill level 1 in Hexes
  2963 | D:3      | Reached XP level 4. HP: 35/35 MP: 2/7
  3430 | D:3      | Found a hide-covered altar of Uskayaw.
  3507 | D:3      | Killed from afar by an orc priest

Illustrated notes

Levels and vault maps discovered:
D:1:      eino_arrival_water_cross, layout_loops_cross,
          shapermc_ecumenical_altar_rom_forum, serial_shops, shop
D:2:      layout_basic, serial_shops, nicolae_shop_behind_doors, shop,
          nicolae_lakefront_shop, shop, st_stairs_9, minmay_splitting_lines
D:3:      layout_rooms, mainiacjoe_overflow_chevrons,
          mainiacjoe_overflow_concentric_impassable, minmay_misc_feat_columns,
          kennysheep_boxes

Skill      XL: |  1  2  3 |
---------------+----------+-----
Dodging        | 2 |  2.5
Fighting       | 1 |  1.8
Hexes          | 1 |  1.4
Stealth        | |  1.9
Spellcasting   | |  2.6
Conjurations   | |  4.4

Action                   |  1- 3 |  4- 6 || total
-------------------------+-------+-------++-------
 Fire: Sling             |    70 |     5 ||    75
 Cast: Magic Dart        |    69 |    27 ||    96
       Slow              |    10 |       ||    10
Invok: Bend Space        |       |     1 ||     1
  Use: Scroll            |     3 |     2 ||     5
       Potion            |       |     2 ||     2
Armor: Skin              |    34 |     7 ||    41
Dodge: Dodged            |    50 |     2 ||    52

Table legend: (Time is in decaauts)
 A = Elapsed time spent in this place.
 B = Non-inter-level travel time spent in this place.
 C = Inter-level travel time spent in this place.
 D = Time resting spent in this place.
 E = Time spent auto-exploring this place.
 F = Levels seen in this place.
 G = Mean time per level.
                   A        B        C        D        E       F      G
               +--------+--------+--------+--------+--------+-----+--------+
         Total |   3537 |   3504 |     33 |   1146 |   1566 |   3 | 1179.0 |
       Dungeon |   3537 |   3504 |     33 |   1146 |   1566 |   3 | 1179.0 |
               +--------+--------+--------+--------+--------+-----+--------+

Top non-repeatable levels by time:
     D:2: 1615 daAuts
     D:1: 1342 daAuts
     D:3: 578 daAuts
